 Dungeon Crawl Stone Soup version 0.26-a0-665-gefeb406119 (webtiles) character file.

Game seed: 10307430341039635647

175 kazelolz the Chopper (level 5, -7/47 HPs)
             Began as a Minotaur Berserker on Oct 14, 2020.
             Was a Believer of Trog.
             Mangled by Pikel
             ... wielding a +1 whip of electrocution
              (18 damage)
             ... on level 4 of the Dungeon.
             The game lasted 00:03:13 (2114 turns).

kazelolz the Chopper (Minotaur Berserker)           Turns: 2114, Time: 00:03:13

Health: -7/47      AC: 10    Str: 29    XL:     5   Next: 29%
Magic:  4/4        EV: 10    Int:  4    God:    Trog [**....]
Gold:   145        SH:  0    Dex:  9    Spells: 4/4 levels left

rFire    . . .     SeeInvis .   a - +0 hand axe
rCold    + . .     Faith    .   (no shield)
rNeg     . . .     Spirit   .   p - +0 chain mail
rPois    .         Reflect  .   (helmet restricted)
rElec    .         Harm     .   (no cloak)
rCorr    .         Rampage  .   (no gloves)
MR       ++...                  o - +0 pair of boots
Stlth    ..........             (no amulet)
HPRegen  1.15/turn              i - +6 ring of strength
MPRegen  0.09/turn              k - ring of protection from cold

@: berserk cooldown, regenerating, slowed, very slow
A: retaliatory headbutt, horns 2
a: Berserk, Trog's Hand, Renounce Religion


You were on level 4 of the Dungeon.
You worshipped Trog.
Trog was pleased with you.
You visited 1 branch of the dungeon, and saw 4 of its levels.

You collected 145 gold pieces.

Inventory:

Hand Weapons
 a - a +0 hand axe (weapon)
Missiles
 f - 34 poisoned darts (quivered)
Armour
 o - a +0 pair of boots (worn)
 p - a +0 chain mail (worn)
Jewellery
 i - a +6 ring of strength (left hand)
 k - a ring of protection from cold (right hand)
Scrolls
 c - a scroll of fear {unknown}
 d - a scroll of fog {unknown}
 e - 4 scrolls of identify {unknown}
 h - a scroll of enchant weapon {unknown}
 l - 2 scrolls of remove curse {unknown}
 m - 3 scrolls of enchant armour {unknown}
Potions
 g - a potion of berserk rage {unknown}
 n - a potion of curing {unknown}


   Skills:
 + Level 4.6 Fighting
 + Level 5.4 Axes
 + Level 2.9 Armour
 + Level 3.7 Dodging
 + Level 0.1 Stealth


You had 4 spell levels left.
You didn't know any spells.
Your spell library was empty.

Dungeon Overview and Level Annotations

Branches:
Dungeon (4/15)
 Temple: D:4-7

Altars:
Elyvilon
Nemelex Xobeh
Ru
Sif Muna

Annotations:
D:4 Pikel


Innate Abilities, Weirdness & Mutations

You reflexively headbutt those who attack you in melee.
You have a pair of horns on your head.


Message History

The frilled lizard bites you but does no damage.
The lemure hits you!
The lemure hits you but does no damage. x2; Pikel hits you but does no damage.
You are electrocuted!
* * * LOW HITPOINT WARNING * * *
The frilled lizard bites you but does no damage.
You can move again.
Unknown command.
Unknown command.
Unknown command.
The lemure closely misses you. You furiously retaliate!
You headbutt the lemure. The lemure closely misses you.
You furiously retaliate!
You headbutt the lemure, but do no damage.
Pikel closely misses you. You furiously retaliate!
You headbutt Pikel! The frilled lizard barely misses you.
Your skin crawls.
You feel resistant to hostile enchantments.
Pikel hits you but does no damage.
You are electrocuted!!
You die...

.............##
..............##
#........<....#
............##
.###......##.##
...........###
#.......##
#.....<.5####
#....†#.5K@.#
##.......l..#
.....#....#.##
.....##...####
..#.##..... ....
#..##.. .. ...##
#.. ##. # ..


You could see Pikel, 2 lemures and a frilled lizard.

Vanquished Creatures
  2 lemures (D:4)
  4 gnolls (D:3)
  8 adders
  A worm (D:2)
  4 dart slugs
  2 leopard geckos (D:2)
  3 giant cockroaches
  6 goblins
  8 hobgoblins
  3 jackals
  A quokka (D:2)
  7 bats
  4 kobolds (D:1)
  3 rats
56 creatures vanquished.

Notes
Turn   | Place    | Note
-------+----------+-------------------------------------------
     0 | D:1      | kazelolz the Minotaur Berserker began the quest for the
                  | Orb.
     0 | D:1      | Reached XP level 1. HP: 19/19 MP: 0/0
   184 | D:1      | Reached XP level 2. HP: 27/27 MP: 1/1
   261 | D:1      | Reached skill level 4 in Axes
   640 | D:2      | Found a shimmering blue altar of Sif Muna.
   640 | D:2      | Found a sacrificial altar of Ru.
   642 | D:2      | Found a white marble altar of Elyvilon.
   766 | D:2      | Reached XP level 3. HP: 32/33 MP: 2/2
   886 | D:2      | Reached ** piety under Trog
  1291 | D:3      | Reached XP level 4. HP: 41/41 MP: 3/3
  1497 | D:3      | Reached skill level 5 in Axes
  1497 | D:3      | Reached XP level 5. HP: 35/47 MP: 4/4
  1996 | D:3      | Found a sparkling altar of Nemelex Xobeh.
  2092 | D:4      | Noticed a lemure
  2092 | D:4      | Noticed a lemure
  2093 | D:4      | Noticed a lemure
  2094 | D:4      | Noticed a lemure
  2095 | D:4      | Noticed Pikel
  2102 | D:4      | Killed a lemure
  2105 | D:4      | Killed a lemure
  2114 | D:4      | Mangled by Pikel

Illustrated notes

Levels and vault maps discovered:
D:1:      evilmike_arrival_plus, layout_rooms, minmay_tripent
D:2:      layout_basic, gammafunk_temple_overflow_forgotten
D:3:      layout_rooms, nemelex_altar_shiori
D:4:      layout_cave_pools, serial_shops, shop, uniq_pikel

Skill      XL: |  1  2  3  4 |
---------------+-------------+-----
Fighting       | 4 |  4.6
Axes           | 4 5 |  5.4
Dodging        | 3 |  3.7
Armour         | |  2.9
Stealth        | |  0.1

Action                   |  1- 3 |  4- 6 || total
-------------------------+-------+-------++-------
Melee: Hand axe          |    54 |    43 ||    97
       Headbutt          |     8 |     4 ||    12
Throw: Dart              |     1 |       ||     1
Invok: Berserk           |       |     2 ||     2
       Trog's Hand       |       |     1 ||     1
Armor: Animal skin       |    11 |     6 ||    17
       Chain mail        |       |    24 ||    24
Dodge: Dodged            |    42 |    44 ||    86

Table legend: (Time is in decaauts)
 A = Elapsed time spent in this place.
 B = Non-inter-level travel time spent in this place.
 C = Inter-level travel time spent in this place.
 D = Time resting spent in this place.
 E = Time spent auto-exploring this place.
 F = Levels seen in this place.
 G = Mean time per level.
                   A        B        C        D        E       F      G
               +--------+--------+--------+--------+--------+-----+--------+
         Total |   2128 |   2083 |     45 |    196 |   1572 |   4 |  532.0 |
       Dungeon |   2128 |   2083 |     45 |    196 |   1572 |   4 |  532.0 |
               +--------+--------+--------+--------+--------+-----+--------+

Top non-repeatable levels by time:
     D:3: 813 daAuts
     D:2: 761 daAuts
     D:1: 528 daAuts
     D:4: 25 daAuts
